 Dungeon Crawl Stone Soup version 0.29.1-2-gbd0b4ee654 (webtiles) character file.

Game seed: 5037955386768339257

165 qeuew the Sneak (level 5, 0/24 HPs)
             Began as a Spriggan Enchanter on Nov 11, 2022.
             Slain by a worm (8 damage)
             ... on level 3 of the Dungeon.
             The game lasted 00:04:01 (3549 turns).

qeuew the Sneak (Spriggan Enchanter)                Turns: 3549, Time: 00:04:01

Health: 0/24       AC:  2    Str: 10    XL:     5   Next: 22%
Magic:  11/11      EV: 19    Int: 16    God:
Gold:   228        SH:  0    Dex: 18    Spells: 9/11 levels left

rFire   . . .      SeeInvis +   a - +1 dagger
rCold   . . .      Faith    .   (no shield)
rNeg    . . .      Spirit   .   b - +0 robe
rPois   .          Reflect  .   (helmet restricted)
rElec   .          Harm     .   (no cloak)
rCorr   .          Rampage  .   (gloves unavailable)
Will    .....                   (boots unavailable)
Stlth   +++.......              (no amulet)
HPRegen 0.08/turn               l - +6 ring of strength
MPRegen 0.12/turn               (no ring)

@: very quick
A: very small, no large weapons, unfitting armour, see invisible, speed 3
a: no special abilities


You were on level 3 of the Dungeon.
You visited 1 branch of the dungeon, and saw 3 of its levels.

You collected 228 gold pieces.

Inventory:

Hand Weapons
 a - a +1 dagger (weapon)
Armour
 b - a +0 robe (worn)
Jewellery
 e - a ring of fire
 j - a +4 ring of protection
 l - a +6 ring of strength (left hand)
Wands
 g - a wand of iceblast (9)
Scrolls
 d - a scroll of identify
Potions
 c - 2 potions of invisibility
 f - a potion of berserk rage {unknown}
 h - a potion of magic {unknown}
 i - a potion of flight {unknown}


   Skills:
 + Level 2.6 Short Blades
 + Level 4.0 Dodging
 + Level 5.7 Stealth
 + Level 3.7 Spellcasting
 + Level 4.5 Hexes


You had 9 spell levels left.
You knew the following spells:

 Your Spells              Type           Power      Damage    Failure   Level
a - Ensorcelled Hibernat  Hex/Ice        20%        N/A       11%         2

Your spell library contained the following spells:

 Spells                   Type           Power      Damage    Failure   Level
 Confusing Touch          Hex            17%        N/A       8%          3
 Tukima's Dance           Hex            17%        N/A       8%          3
 Dazzling Flash           Conj/Hex       20%        N/A       21%         3


Dungeon Overview and Level Annotations

Branches:
Dungeon (3/15)

Altars:
Fedhas

Annotations:
D:3 2 transporters, Sabo's ghost, amateur PaFi


Innate Abilities, Weirdness & Mutations

You are very small and have problems with some larger weapons.
You are too small for most types of armour.
You have supernaturally acute eyesight. (SInv)
You cover ground extremely quickly. (Speed+++)


Message History

You hit the worm.
The worm is heavily wounded.
The worm misses you.
You hit the worm.
The worm is severely wounded.
You hit the worm.
The worm is severely wounded.
The worm closely misses you. The goblin misses you.
You hit the worm.
The worm is severely wounded.
The goblin completely misses you.
You hit the worm but do no damage.
The worm is severely wounded.
The worm bites you. The goblin hits you but does no damage.
You are too injured to fight recklessly!
You are too injured to fight recklessly!
You are too injured to fight recklessly!
You are too injured to fight recklessly!
You are too injured to fight recklessly!
You are too injured to fight recklessly!
You are too injured to fight recklessly!
You are too injured to fight recklessly!
You are too injured to fight recklessly!
You are too injured to fight recklessly!
You are too injured to fight recklessly!
You completely miss the goblin. The worm completely misses you.
The goblin hits you with a +0 club.
You hit the goblin.
The goblin is almost dead.
You miss the goblin.
The goblin is almost dead.
The goblin completely misses you. The worm barely misses you.
You closely miss the goblin.
The goblin is almost dead.
The goblin misses you.
The quasit gives a chilling moan.
You hit the goblin.
You kill the goblin!
The worm bites you!
You die...

#.# ###.......)##.....
#.######..............###
..........>......#####
######.#...#.#.######
#...................###
#.####.#####.#.####.... #. #.#
#.#.# ##### #. #)# #.#.# ######
##.## #@# #.#.# .....#####...#
#w#####.#.#
.......##....###.......#<####
####.#.##..........g...#)...#
####.#.##.##..###©####.)....###
...#.#.##.#..##.### .#####....###
.....#.##.#g##.5... #...©#..#....
.#.#.#.##.#.#....# .#...##......
.....#.##.#.#..##..#....5.#.#.###


You could see a worm and a quasit.

Vanquished Creatures
  An orc priest (D:3)
  4 gnolls
  2 adders (D:2)
  A worm (D:2)
  2 dart slugs
  4 orcs (D:3)
  7 bats
  8 endoplasms
  5 giant cockroaches
  5 goblins
  2 hobgoblins
  5 jackals
  9 kobolds
  A quokka (D:1)
  3 ball pythons
  3 frilled lizards
  4 rats
66 creatures vanquished.

Notes
Turn   | Place    | Note
-------+----------+-------------------------------------------
     0 | D:1      | qeuew the Spriggan Enchanter began the quest for the Orb.
     0 | D:1      | Reached XP level 1. HP: 9/9 MP: 5/5
   107 | D:1      | Reached XP level 2. HP: 7/13 MP: 6/6
   438 | D:1      | Learned a level 2 spell: Ensorcelled Hibernation
  1014 | D:1      | Reached XP level 3. HP: 16/16 MP: 3/8
  1045 | D:1      | Reached skill level 5 in Stealth
  1963 | D:2      | Found a faded altar of an unknown god.
  2126 | D:2      | Reached XP level 4. HP: 21/21 MP: 10/10
  2265 | D:3      | Found a transporter.
  2268 | D:3      | Noticed Sabo's ghost (amateur PaFi)
  2581 | D:3      | Found a blossoming altar of Fedhas.
  2651 | D:3      | HP: 1/21 [frozen (5)]
  2863 | D:3      | Found a transporter.
  3019 | D:3      | Reached XP level 5. HP: 12/24 MP: 6/11
  3549 | D:3      | Slain by a worm

Illustrated notes

Levels and vault maps discovered:
D:1:      eino_arrival_cavern_a, layout_loops_ring, patterned_corridor
D:2:      minmay_alternating_diamond, layout_rooms,
          shapermc_ecumenical_altar_pompeii
D:3:      layout_loops_ring, mainiacjoe_overflow_paths,
          gammafunk_ghost_stat_death

Skill      XL: |  1  2  3  4  5 |
---------------+----------------+-----
Dodging        | 3 4 |  4.0
Spellcasting   | 3 |  3.7
Hexes          | 4 |  4.5
Stealth        | 5 |  5.7
Short Blades   | 2 |  2.6

Action                   |  1- 3 |  4- 6 || total
-------------------------+-------+-------++-------
Melee: Dagger            |   119 |   102 ||   221
       Punch             |     1 |       ||     1
 Cast: Ensorcelled Hiber |     8 |    18 ||    26
  Use: Scroll            |     3 |     5 ||     8
       Potion            |     2 |     2 ||     4
 Stab: Sleeping          |    17 |    16 ||    33
Armor: Robe              |    14 |     7 ||    21
Dodge: Dodged            |    79 |    76 ||   155
